 Dungeon Crawl Stone Soup version 0.30.1-4-g462c640d31 (webtiles) character file.

Game seed: 7256305598938357879

147 Bobit the Conjurer (level 5, -1/35 HPs)
             Began as a Human Conjurer on Aug 11, 2023.
             Slain by an ice beast (10 damage)
             ... on level 3 of the Dungeon.
             The game lasted 00:07:33 (2574 turns).

Bobit the Conjurer (Human Conjurer)                 Turns: 2574, Time: 00:07:33

Health: -1/35      AC:  2    Str:  7    XL:     5   Next: 55%
Magic:  5/10       EV: 13    Int: 20    God:
Gold:   99         SH:  0    Dex: 12    Spells: 8/11 levels left

rFire   . . .        k - +2 dagger (protect)
rCold   . . .        (no shield)
rNeg    . . .        a - +0 robe
rPois   .            (no helmet)
rElec   .            (no cloak)
rCorr   .            (no gloves)
SInv    .            (no boots)
Will    .....        (no amulet)
Stlth   ++           (no ring)
HPRegen 0.25/turn    (no ring)
MPRegen 0.12/turn

%: no passive effects
@: no status effects
A: no striking features
a: no special abilities


You were on level 3 of the Dungeon.
You visited 1 branch of the dungeon, and saw 3 of its levels.

You collected 99 gold pieces.

Inventory:

Hand Weapons
 k - a +2 dagger of protection (weapon)
 m - a +0 dagger
Armour
 a - a +0 robe (worn)
Jewellery
 q - a ring of resist corrosion
Scrolls
 c - a scroll of acquirement {unknown}
 d - a scroll of blinking {unknown}
 e - a scroll of teleportation {unknown}
 g - a scroll of brand weapon {unknown}
 h - 2 scrolls of identify {unknown}
 j - a scroll of noise {unknown}
 l - a scroll of amnesia {unknown}
 n - a scroll of fear {unknown}
 o - a scroll of silence {unknown}
Potions
 b - 2 potions of magic
 f - 3 potions of cancellation {unknown}
 i - 2 potions of heal wounds {unknown}
 p - a potion of mutation {unknown}


   Skills:
 + Level 3.6 Dodging
 - Level 2.0 Stealth
 + Level 3.5 Spellcasting
 - Level 4.4 Conjurations


You had 8 spell levels left.
You knew the following spells:

 Your Spells              Type           Power      Damage    Failure   Level
a - Magic Dart            Conj           84%        1d7       2%          1
b - Searing Ray           Conj           42%        2d6       3%          2

Your spell library contained the following spells:

 Spells                   Type           Power      Damage    Failure   Level
 Apportation              Tloc           6%         N/A       14%         1
 Necrotise                Necr           12%        1d4       14%         1
 Summon Small Mammal      Summ           12%        N/A       14%         1
 Dazzling Flash           Conj/Hex       24%        N/A       16%         3
 Fulminant Prism          Conj/Hex       6%         3d7       47%         4
 Iskenderun's Mystic Bla  Conj/Tloc      12%        2d5       47%         4


Dungeon Overview and Level Annotations

Branches:
Dungeon (3/15)

Altars:


Message History

You kill the rat!
You see here a +0 flail of protection.
Found 5 curare-tipped darts.
Found a stone staircase leading down.
A rat comes into view.
The magic dart hits the rat.
You kill the rat!
An ice beast comes into view.
Found a bone ring.
Casting: Magic Dart (safe; 2% risk of failure)
Confirm with . or Enter, or press ? or * to list all spells.
You can't see any susceptible monsters within range! (Use Z to cast anyway.) Unknown command.
A rat comes into view.
Found 19 gold pieces.
Casting: Magic Dart (safe; 2% risk of failure)
Confirm with . or Enter, or press ? or * to list all spells.
Aiming: Searing Ray (safe; 3% risk of failure)
Press: ? - help, Shift-Dir - straight line, f - ice beast
Aim: an ice beast (78% to hit)
The searing ray hits the ice beast.
The ice beast is lightly wounded. (Press . to maintain the ray.)
The searing ray hits the ice beast!
The ice beast is heavily wounded.
The searing ray hits the ice beast!
The ice beast is severely wounded.
The searing ray hits the ice beast.
The ice beast is almost dead.
You finish channelling your searing ray.
The ice beast hits you. The ice beast freezes you! The ice beast hits you.
The ice beast freezes you! The rat closely misses you.
The ice beast hits you but does no damage.
The rat attacks as you move away! The rat bites you.
* * * LOW HITPOINT WARNING * * *
The ice beast hits you.
* * * LOW HITPOINT WARNING * * *
The ice beast freezes you!
You die...

#.........$#
#......=...#
#..........#
#..........#
#........!.#
#......†.(.#
#..........#
#.....Yr...# #..
#######@..##
.####..########.....##.
......................^.
...#..####..........>...
. #....#
##.##.......#..# .
#...###..###.....## ## .
##........# #.....#
.##).#..)##...........
....##..###..........##


You could see an ice beast and a rat.

Vanquished Creatures
  Jessica (D:2)
  An orc wizard (D:3)
  3 adders
  3 worms
  A dart slug (D:2)
  2 orcs (D:3)
  An endoplasm (D:1)
  3 giant cockroaches
  5 goblins
  4 hobgoblins
  4 jackals (D:2)
  7 quokkas
  5 ball pythons
  5 bats
  2 frilled lizards (D:2)
  4 kobolds
  6 rats
57 creatures vanquished.

Notes
Turn   | Place    | Note
-------+----------+-------------------------------------------
     0 | D:1      | Bobit the Human Conjurer began the quest for the Orb.
     0 | D:1      | Reached XP level 1. HP: 13/13 MP: 3/3
   209 | D:1      | Reached XP level 2. HP: 19/19 MP: 3/5
   581 | D:1      | Reached XP level 3. HP: 24/24 MP: 2/6
   684 | D:1      | Found a faded altar of an unknown god.
   971 | D:2      | Noticed Jessica
   986 | D:2      | Killed Jessica
   987 | D:2      | Reached XP level 4. HP: 23/30 MP: 0/8
  1305 | D:2      | Learned a level 2 spell: Searing Ray
  1946 | D:2      | Reached XP level 5. HP: 25/35 MP: 3/9
  2566 | D:3      | Noticed an ice beast
  2574 | D:3      | Slain by an ice beast

Illustrated notes

Levels and vault maps discovered:
D:1:      dpeg_arrival_line_fractal, layout_basic,
          shapermc_ecumenical_altar_mp_ritualfount
D:2:      layout_loops_ring, uniq_jessica
D:3:      layout_rooms, uniq_terence

Skill      XL: |  1  2  3  4 |
---------------+-------------+-----
Dodging        | 3 |  3.6
Spellcasting   | 3 |  3.5
Stealth        | |  2.0
Conjurations   | |  4.4

Action                     |  1- 3 |  4- 6 || total
---------------------------+-------+-------++-------
  Melee: Dagger            |       |    19 ||    19
   Cast: Magic Dart        |    41 |    52 ||    93
         Searing Ray       |       |    14 ||    14
 Armour: Robe              |       |     8 ||     8
  Dodge: Dodged            |     2 |    30 ||    32
